 Dungeon Crawl Stone Soup version 0.26-a0-966-gd078a86f14 (webtiles) character file.

Game seed: 2727570890009775082

8230 jiml777 the Thaumaturge (level 11, -5/54 HPs)
             Began as a Deep Elf Air Elementalist on Dec 4, 2020.
             Was a Believer of Sif Muna.
             Hit by a large rock thrown by a cyclops (23 damage)
             ... on level 10 of the Dungeon.
             The game lasted 01:21:40 (14935 turns).

jiml777 the Thaumaturge (DEAE)                     Turns: 14935, Time: 01:21:40

Health: -5/54      AC:  9    Str:  1    XL:     11   Next: 7%
Magic:  15/29      EV: 14    Int: 26    God:    Sif Muna [**....]
Gold:   534        SH:  0    Dex: 19    Spells: 11/34 levels left

rFire    + . .     SeeInvis .   d - +4 hand axe of Anxiety {freeze, rPois MR+ Str-4 Int+4}
rCold    . . .     Faith    .   (no shield)
rNeg     + . .     Spirit   .   j - +0 robe {rN+}
rPois    +         Reflect  .   (no helmet)
rElec    .         Harm     .   u - +0 cloak
rCorr    .         Rampage  .   B - +2 pair of gloves
MR       ++...                  (no boots)
Stlth    +++.......             i - amulet of the acrobat
HPRegen  0.18/turn              J - ring of protection from fire
MPRegen  0.21/turn              F - +4 ring of protection

@: no status effects
A: agile 2, deformed body, dopey 1, MP-powered wands
a: Channel Magic, Renounce Religion


You were on level 10 of the Dungeon.
You worshipped Sif Muna.
Sif Muna was pleased with you.
You visited 2 branches of the dungeon, and saw 11 of its levels.

You collected 534 gold pieces.

Inventory:

Hand Weapons
 d - the +4 hand axe of Anxiety (weapon) {freeze, rPois MR+ Str-4 Int+4}
   (You found it on level 7 of the Dungeon)

   It has been specially enchanted to freeze those struck by it, causing extra
   injury to most foes and up to half again as much damage against particularly
   susceptible opponents.
   It can also slow down cold-blooded creatures.
   It affects your strength (-4).
   It affects your intelligence (+4).
   It protects you from poison.
   It affects your resistance to hostile enchantments.
 y - the +1 trident of Kaoluida {vorpal, SInv}
   (You found it on level 5 of the Dungeon)

   It inflicts extra damage upon your enemies.
   It lets you see invisible.
Missiles
 f - 156 arrows
 h - 48 poisoned darts
 t - 7 boomerangs of dispersal (quivered)
Armour
 a - a +0 robe
 j - a +0 robe of positive energy (worn)
 u - a +0 cloak (worn)
 B - a +2 pair of gloves (worn)
Jewellery
 i - an amulet of the acrobat (around neck)
 s - an uncursed ring of flight
 D - an uncursed ring of protection from fire
 F - a +4 ring of protection (right hand)
 J - a ring of protection from fire (left hand)
Wands
 g - a wand of polymorph (4)
 m - a wand of flame (9)
 w - a wand of paralysis (11)
 H - a wand of enslavement (8)
Scrolls
 c - a scroll of fear
 l - 5 scrolls of remove curse
 n - a scroll of enchant weapon
 o - 4 scrolls of teleportation
 p - 5 scrolls of amnesia
 q - a scroll of magic mapping
 v - 3 scrolls of fog
Potions
 b - 10 potions of curing
 e - 2 potions of lignification
 k - a potion of magic
 r - a potion of cancellation
 x - 2 potions of flight
 z - a potion of might
 C - a potion of mutation
 G - a potion of haste {unknown}
Miscellaneous
 A - a condenser vane


   Skills:
 - Level 3.1 Dodging
 - Level 3.0 Stealth
 + Level 12.2 Spellcasting
 * Level 7.1 Conjurations
 * Level 7.0 Hexes
 - Level 2.9 Translocations
 + Level 9.3 Air Magic
 * Level 0.5 Invocations
 * Level 7.2 Evocations


You had 11 spell levels left.
You knew the following spells:

 Your Spells              Type           Power        Failure   Level
a - Shock                 Conj/Air       ####         1%          1
b - Swiftness             Air            ######..     1%          2
c - Static Discharge      Conj/Air       ######..     1%          3
d - Airstrike             Air            ######....   1%          4
e - Lightning Bolt        Conj/Air       ######....   3%          5
f - Slow                  Hex            ######..     1%          2
g - Cause Fear            Hex            ######....   1%          4
h - Blink                 Tloc           N/A          1%          2

Your spell library contained the following spells:

 Spells                   Type           Power        Failure   Level
 Corona                   Hex            ######.      1%          1
 Magic Dart               Conj           ####         1%          1
 Confusing Touch          Hex            ######..     1%          3
 Mephitic Cloud           Conj/Pois/Air  #####...     1%          3
 Portal Projectile        Hex/Tloc       #####.       1%          3
 Conjure Flame            Conj/Fire      ####....     2%          3
 Inner Flame              Hex/Fire       ####....     2%          3
 Gell's Gravitas          Tloc           ####......   3%          3
 Call Imp                 Summ           ###.....     5%          2
 Leda's Liquefaction      Hex/Erth       ####......   9%          4
 Metabolic Englaciation   Hex/Ice        ####......   24%         5
 Yara's Violent Unravell  Hex/Tmut       ####......   24%         5
 Petrify                  Tmut/Erth      ###.....     36%         4


Dungeon Overview and Level Annotations

Branches:
Dungeon (10/15)            Temple (1/1) D:7            Lair (0/6) D:8
    Orc (0/2) D:9

Altars:
Ashenzari
Cheibriados
Dithmenos
Elyvilon
Fedhas
Gozag
Hepliaklqana
Kikubaaqudgha
Makhleb
Nemelex Xobeh
Okawaru
Qazlal
Ru
Sif Muna
Trog
Uskayaw
Vehumet
Wu Jian
Xom
Yredelemnul
Zin
The Shining One
Beogh

Shops:
D:9 ((}

Portals:
Trove: D:10 (give 6 scrolls of blinking)


Innate Abilities, Weirdness & Mutations

You are very agile. (Dex +4)
Armour fits poorly on your strangely shaped body.
You are dopey. (Int -2)
You expend magic power (3 MP) to strengthen your wands.


Message History

Confirm with . or Enter, or press ? or * to list all spells.
Aiming: Airstrike (dangerous; 1% risk of failure)
Press: ? - help, Dir - move target, f - cyclops
Aim: a cyclops, quivering 4 large rocks The air twists around and strikes the cyclops!
The cyclops is moderately wounded.
The cyclops throws a large rock.
The large rock hits you!!!
Ouch! That really hurt!
Okay, then.
Casting: Airstrike (dangerous; 1% risk of failure)
Confirm with . or Enter, or press ? or * to list all spells.
Okay, then.
Okay, then.
Casting: Airstrike (dangerous; 1% risk of failure)
Confirm with . or Enter, or press ? or * to list all spells.
Okay, then.
Casting: Airstrike (dangerous; 1% risk of failure)
Confirm with . or Enter, or press ? or * to list all spells.
You blink.
The cyclops throws a large rock.
The large rock hits you!!
You die...

########## #.@.......
###############†........
#.........#.†.§.)....C..
)...........###....)....
#).)......### #.....†...
#......>..# #.........
#.........# ####'#####
#####.##### .# ##.# #


You could see a cyclops.

Vanquished Creatures
  A two-headed ogre (D:8)
  A troll (D:9)
  2 polar bears (D:8)
  A hornet (D:8)
  3 yaks (D:8)
  A water moccasin (D:9)
  6 ice beasts
  8 orc warriors
  2 sky beasts
  3 black bears
  An eye of draining (D:9)
  4 ogres
  2 phantoms (D:8)
  4 wolves (D:8)
  4 centaurs
  A big kobold (D:8)
  Blork the orc (D:6)
  7 bullfrogs
  A hornet simulacrum (D:8)
  5 scorpions
  6 killer bees (D:10)
  A howler monkey (D:9)
  10 wights
  4 electric eels
  2 centaur zombies
  2 jellies
  A quasit (D:10)
  9 hounds
  3 orc priests
  2 centaur skeletons
  Crazy Yiuf (D:3)
  7 orc wizards
  An iguana (D:9)
  11 worker ants
  A hound zombie (D:6)
  A killer bee simulacrum (D:8)
  A worker ant zombie (D:7)
  8 gnolls (D:7)
  10 adders
  6 white imps
  4 ufetubi
  An ooze (D:3)
  An adder skeleton (D:9)
  A worm (D:4)
  A dart slug (D:4)
  4 leopard geckos
  39 orcs
  2 ball pythons
  2 bats (D:1)
  2 giant cockroaches
  4 goblins
  6 hobgoblins
  6 jackals
  2 quokkas
  2 frilled lizards (D:2)
  A giant cockroach zombie (D:5)
  2 jackal skeletons
  9 kobolds
  A leopard gecko simulacrum (D:8)
  A leopard gecko skeleton (D:8)
  A quokka simulacrum (D:8)
  11 rats
248 creatures vanquished.

Vanquished Creatures (others)
  10 fungi
  5 plants (D:8)
15 creatures vanquished.

Grand Total: 263 creatures vanquished

Notes
Turn   | Place    | Note
-------+----------+-------------------------------------------
     0 | D:1      | jiml777 the Deep Elf Air Elementalist began the quest for
                  | the Orb.
     0 | D:1      | Reached XP level 1. HP: 10/10 MP: 6/6
   156 | D:1      | Reached XP level 2. HP: 7/15 MP: 0/8
  1166 | D:2      | Found a white marble altar of Elyvilon.
  1246 | D:2      | Found a shimmering altar of Xom.
  1321 | D:2      | Found a burning altar of Makhleb.
  1330 | D:2      | Reached skill level 4 in Spellcasting
  1330 | D:2      | Reached XP level 3. HP: 13/19 MP: 1/10
  1616 | D:2      | Learned a level 2 spell: Swiftness
  1620 | D:2      | Learned a level 3 spell: Static Discharge
  2204 | D:3      | Reached XP level 4. HP: 15/24 MP: 2/12
  2849 | D:3      | Reached XP level 5. HP: 28/28 MP: 10/14
  2981 | D:3      | Reached skill level 1 in Evocations
  3007 | D:3      | Learned a level 4 spell: Airstrike
  3092 | D:3      | Found a runed translucent door.
  3093 | D:3      | Noticed Crazy Yiuf
  3100 | D:3      | Killed Crazy Yiuf
  3260 | D:4      | You fall into a shaft and drop 2 floors!
  3265 | D:6      | Noticed an ice beast
  3271 | D:5      | Entered Level 5 of the Dungeon
  3569 | D:5      | Found a glowing silver altar of Zin.
  3569 | D:5      | Found a burning altar of Makhleb.
  3570 | D:5      | Noticed an Executioner
  3570 | D:5      | Noticed an angel
  3603 | D:5      | Reached skill level 5 in Spellcasting
  3785 | D:5      | Reached XP level 6. HP: 32/32 MP: 2/15
  3901 | D:5      | Got a brightly glowing trident
  3901 | D:5      | Identified the +1 trident of Kaoluida {vorpal, SInv} (You
                  | found it on level 5 of the Dungeon)
  4218 | D:4      | Learned a level 5 spell: Lightning Bolt
  5378 | D:6      | Reached skill level 6 in Spellcasting
  5462 | D:6      | Reached skill level 5 in Air Magic
  5462 | D:6      | Reached XP level 7. HP: 20/36 MP: 7/18
  5914 | D:6      | Reached skill level 7 in Spellcasting
  6415 | D:6      | Reached XP level 8. HP: 41/41 MP: 12/21
  6568 | D:6      | Reached skill level 8 in Spellcasting
  6624 | D:6      | Found a sparkling altar of Nemelex Xobeh.
  6631 | D:6      | Learned a level 2 spell: Slow
  6636 | D:6      | Learned a level 4 spell: Cause Fear
  6750 | D:6      | Noticed Blork the orc
  6756 | D:6      | Killed Blork the orc
  6757 | D:6      | Reached skill level 1 in Hexes
  7000 | D:6      | Gained mutation: Your body sometimes deteriorates upon
                  | taking damage. [potion of mutation]
  7000 | D:6      | Gained mutation: You are agile. (Dex +2) [potion of
                  | mutation]
  7000 | D:6      | Gained mutation: You are resistant to hostile enchantments.
                  | (MR+) [potion of mutation]
  7000 | D:6      | Gained mutation: You are very agile. (Dex +4) [potion of
                  | mutation]
  7001 | D:6      | Lost mutation: Your body sometimes deteriorates upon taking
                  | damage. [potion of mutation]
  7001 | D:6      | Lost mutation: You are resistant to hostile enchantments.
                  | (MR+) [potion of mutation]
  7001 | D:6      | Gained mutation: Armour fits poorly on your strangely
                  | shaped body. [potion of mutation]
  7001 | D:6      | Gained mutation: You are dopey. (Int -2) [potion of
                  | mutation]
  7001 | D:6      | Gained mutation: You expend magic power (3 MP) to
                  | strengthen your wands. [potion of mutation]
  7120 | D:7      | Got an encrusted hand axe
  7120 | D:7      | Identified the +4 hand axe of Anxiety {freeze, rPois MR+
                  | Str-4 Int+4} (You found it on level 7 of the Dungeon)
  7466 | D:7      | Found a staircase to the Ecumenical Temple.
  7495 | Temple   | Entered the Ecumenical Temple
  7689 | D:7      | Learned a level 2 spell: Blink
  7835 | D:7      | Reached skill level 9 in Spellcasting
  7998 | D:7      | Reached skill level 1 in Translocations
  8552 | D:8      | Reached skill level 5 in Evocations
  8552 | D:8      | Reached XP level 9. HP: 37/45 MP: 4/24
  8686 | D:8      | Found a sparkling altar of Nemelex Xobeh.
  9161 | D:8      | Noticed a two-headed ogre
  9183 | D:8      | Killed a two-headed ogre
  9184 | D:8      | Reached skill level 10 in Spellcasting
  9184 | D:8      | Reached skill level 5 in Conjurations
  9475 | D:8      | Noticed a polar bear
  9480 | D:8      | Killed a polar bear
 10142 | D:8      | Noticed a polar bear
 10145 | D:8      | Reached XP level 10. HP: 50/50 MP: 2/26
 10164 | D:8      | Reached skill level 5 in Hexes
 10488 | D:8      | Found a staircase to the Lair.
 10798 | D:8      | Reached skill level 11 in Spellcasting
 11518 | D:9      | Found Uppealoa's Weapon Emporium.
 11560 | D:9      | Found Niettiw's Gadget Shoppe.
 12081 | D:9      | Found an ornate altar of the Wu Jian Council.
 12085 | D:9      | Found a glowing golden altar of the Shining One.
 12090 | D:9      | Found a shimmering blue altar of Sif Muna.
 12098 | D:9      | Became a worshipper of Sif Muna the Loreminder
 12251 | D:9      | Found Liwnyer's Antique Weapon Shop.
 12289 | D:9      | Found a staircase to the Orcish Mines.
 12490 | D:9      | Found a broken altar of Ashenzari.
 13047 | D:10     | Entered Level 10 of the Dungeon
 13190 | D:10     | Reached * piety under Sif Muna
 13874 | D:10     | Reached skill level 12 in Spellcasting
 13969 | D:10     | Found a portal to a secret trove of treasure.
 14315 | D:10     | Found a roughly hewn altar of Beogh.
 14548 | D:10     | Reached XP level 11. HP: 54/54 MP: 24/29
 14900 | D:10     | Reached ** piety under Sif Muna
 14935 | D:10     | Hit by a large rock thrown by a cyclops

Illustrated notes

Levels and vault maps discovered:
D:1:      roderic_chinese_lattice_arrival, layout_loops_ring, minmay_unequal
D:2:      layout_basic, old_standard_altar, brannock_xom_greatest_gift,
          makhleb_heckhound_becter
D:3:      layout_rooms, uniq_crazy_yiuf_cottage
D:4:      minmay_spotlight, layout_cave_pods
D:5:      layout_gridville, grunt_temple_overflow_order_and_chaos_2,
          hangedman_abyss_or_decor_passed
D:6:      layout_rooms, nemelex_xobeh_ov_fountains_minmay, uniq_blork_the_orc
D:7:      layout_cave_pools, minmay_temple_entry_water_ring, water_boxes_lemuel
D:8:      layout_loops_corners, old_standard_altar, dpeg_oklobed_lair,
          serial_ice, serial_ice_c, serial_ice_d, serial_ice_b, serial_ice_m,
          serial_ice_l, serial_ice_o, serial_ice_a, serial_ice_f, serial_ice_n,
          serial_ice_e, kennysheep_generic_room_12
D:9:      layout_irregular_city, general_overflow_altar,
          minmay_overflow_temple_star_quad, orc_0_dummy, serial_shops,
          nicolae_shop_temple_entry_statues_fountains, shop_fountains,
          nicolae_shop_behind_doors
D:10:     layout_roguey [special_room_orc], enter_trove_0
Temple:   cyrus_circular_temple

Skill      XL: |  1  2  3  4  5  6  7  8  9 10 11 |
---------------+----------------------------------+-----
Spellcasting   | 4 5 6 7 9 10 12 | 12.2
Conjurations   | 2 3 4 6 7 |  7.1
Air Magic      | 4 5 6 7 9 |  9.3
Evocations     | 1 2 4 5 6 7 |  7.2
Stealth        | 3 |  3.0
Dodging        | 3 |  3.1
Hexes          | 3 4 6 7 |  7.0
Translocations | 1 2 |  2.9
Invocations    | |  0.5

Action                   |  1- 3 |  4- 6 |  7- 9 | 10-12 || total
-------------------------+-------+-------+-------+-------++-------
Melee: Hand axe          |       |       |    25 |    14 ||    39
 Cast: Shock             |    61 |    78 |    26 |    19 ||   184
       Airstrike         |       |    15 |   113 |   147 ||   275
       Swiftness         |       |       |     1 |       ||     1
       Lightning Bolt    |       |       |       |     7 ||     7
       Blink             |       |       |       |     1 ||     1
 Abil: Evoke Flight      |       |       |     2 |       ||     2
  Use: Scroll            |     3 |     2 |    14 |     4 ||    23
       Potion            |       |       |     2 |     1 ||     3
Armor: Robe              |       |     5 |     8 |     6 ||    19
Dodge: Dodged            |     8 |    20 |    27 |    51 ||   106

Table legend: (Time is in decaauts)
 A = Elapsed time spent in this place.
 B = Non-inter-level travel time spent in this place.
 C = Inter-level travel time spent in this place.
 D = Time resting spent in this place.
 E = Time spent auto-exploring this place.
 F = Levels seen in this place.
 G = Mean time per level.
                   A        B        C        D        E       F      G
               +--------+--------+--------+--------+--------+-----+--------+
         Total |  14939 |  14466 |    473 |   6678 |   5624 |  11 | 1358.1 |
       Dungeon |  14853 |  14380 |    473 |   6678 |   5580 |  10 | 1485.3 |
        Temple |     86 |     86 |      0 |      0 |     44 |   1 |   86.0 |
               +--------+--------+--------+--------+--------+-----+--------+

Top non-repeatable levels by time:
     D:8: 2997 daAuts
    D:10: 1888 daAuts
     D:9: 1656 daAuts
     D:6: 1389 daAuts
     D:7: 1284 daAuts
     D:4: 1220 daAuts
     D:5: 1205 daAuts
     D:2: 1168 daAuts
     D:3: 1034 daAuts
     D:1: 1007 daAuts
  Temple: 86 daAuts
